 Dungeon Crawl Stone Soup version 0.29-a0-919-gd064cfad1c (webtiles) character file.

Game seed: 12593815584324717028

156 frimble the Magician (level 5, -3/55 HPs)
             Began as a Demonspawn Hedge Wizard on July 27, 2022.
             Succumbed to a gnoll sergeant's poison
             ... on level 6 of the Dungeon.
             The game lasted 00:03:44 (3214 turns).

frimble the Magician (Demonspawn Hedge Wizard)      Turns: 3214, Time: 00:03:45

Health: -3/55      AC: 22    Str: 10    XL:     5   Next: 15%
Magic:  9/9        EV:  2    Int: 17    God:
Gold:   109        SH:  0    Dex: 13    Spells: 7/10 levels left

rFire   + . .      SeeInvis .   i - +3 dagger (vamp)
rCold   + . .      Faith    .   (no shield)
rNeg    . . .      Spirit   .   (body armour currently unavailable)
rPois   +          Reflect  .   (helmet currently unavailable)
rElec   +          Harm     .   (cloak currently unavailable)
rCorr   +          Rampage  .   (gloves currently unavailable)
Will    .....      NoTele   +   (boots currently unavailable)
Stlth   ++........              g - amulet of magic regeneration
HPRegen 0.18/turn               (no ring)
MPRegen 0.51/turn               (no ring)

@: lethally poisoned (-3 -> -29), tree-form, resistant
A: stationary, stasis, torment immunity, boosted hp, (horns 1), (icy blue scales
1), (spiny 1)
a: no special abilities


You were on level 6 of the Dungeon.
You were a tree.
You visited 1 branch of the dungeon, and saw 4 of its levels.

You collected 109 gold pieces.

Inventory:

Hand Weapons
 a - a +0 dagger
 i - a +3 vampiric dagger (weapon)
Armour
 b - a +0 robe (melded)
 c - a +0 hat (melded)
 m - a +0 buckler
Jewellery
 g - an amulet of magic regeneration (around neck)
Scrolls
 e - 2 scrolls of identify
 f - a scroll of vulnerability
 l - 3 scrolls of blinking
 r - a scroll of butterflies
Potions
 d - 2 potions of magic


   Skills:
 + Level 1.5 Fighting
 + Level 2.7 Short Blades
 - Level 1.7 Dodging
 - Level 1.7 Stealth
 + Level 0.8 Shields
 - Level 3.0 Spellcasting
 - Level 2.6 Conjurations
 - Level 1.0 Summonings
 + Level 1.4 Translocations


You had 7 spell levels left.
You knew the following spells:

 Your Spells              Type           Power      Damage    Failure   Level
a - Magic Dart            Conj           44%        1d5       6%          1
b - Blink                 Tloc           14%        N/A       14%         2

Your spell library contained the following spells:

 Spells                   Type           Power      Damage    Failure   Level
 Slow                     Hex            8%         N/A       17%         1
 Call Imp                 Summ           5%         N/A       17%         2
 Conjure Flame            Conj/Fire      7%         6-21      30%         3
 Call Canine Familiar     Summ           5%         N/A       34%         3
 Mephitic Cloud           Conj/Pois/Air  5%         N/A       36%         3
 Portal Projectile        Hex/Tloc       10%        N/A       36%         3
 Ozocubu's Armour         Ice            2%         N/A       45%         3
 Leda's Liquefaction      Hex/Erth       1%         N/A       86%         4
 Metabolic Englaciation   Hex/Ice        1%         N/A       99%         5
 Simulacrum               Ice/Necr       1%         N/A       100%        6


Dungeon Overview and Level Annotations

Branches:
Dungeon (3/15)

Altars:
Ashenzari
Qazlal


Innate Abilities, Weirdness & Mutations

You are a tree.
Your roots penetrate the ground, keeping you stationary.
You cannot be teleported.
You are immune to unholy pain and torment.
Your maximum health is greatly increased.
Your equipment is partially melded.
((You have a pair of small horns on your head.))
((You are partially covered in icy blue scales. (AC +2)))
((You are partially covered in sharp spines.))


Message History

* * * LOW HITPOINT WARNING * * *
You feel sick. The gnoll hits you with a +0 flail.
* * * LOW HITPOINT WARNING * * *
The gnoll sergeant hits you but does no damage.
You hit the gnoll but do no damage.
The gnoll is severely wounded.
* * * LOW HITPOINT WARNING * * *
You feel sick.
You feel much better.
You feel sick. The gnoll hits you but does no damage.
The gnoll sergeant barely misses you.
You completely miss the gnoll.
The gnoll is severely wounded.
You feel sick. The gnoll barely misses you.
The gnoll sergeant hits you but does no damage.
You hit the gnoll.
You feel better.
The gnoll is severely wounded.
You feel sick. The gnoll hits you with a +0 flail.
The gnoll sergeant hits you but does no damage.
You are more poisoned.
You closely miss the gnoll.
The gnoll is severely wounded.
You feel sick. The gnoll hits you but does no damage.
The gnoll sergeant hits you with a +2 spear of venom!
* * * LOW HITPOINT WARNING * * *
You are more poisoned.
You hit the gnoll.
You feel better.
You kill the gnoll!
* * * LOW HITPOINT WARNING * * *
You feel very sick.
The gnoll sergeant hits you but does no damage.
You closely miss the water moccasin.
* * * LOW HITPOINT WARNING * * *
You feel very sick. The water moccasin bites you.
* * * LOW HITPOINT WARNING * * *
The water moccasin bites you but does no damage.
The gnoll sergeant hits you but does no damage.
You are more poisoned.
You closely miss the water moccasin.
You die...

..........#
..........#
..........#
..........#
........... #
.......... .#
........S###.#
........g♣...#
...........###
#.........#
#.......###
#.......#
######.## #.# #.#
#.###############
#


You could see a water moccasin and a gnoll sergeant.

Vanquished Creatures
  4 gnolls (D:6)
  2 adders
  An ufetubus (D:6)
  3 worms (D:2)
  4 dart slugs
  3 endoplasms (D:1)
  3 giant cockroaches
  9 goblins
  14 hobgoblins
  3 kobolds
  A quokka (D:2)
  3 ball pythons
  4 bats
  5 frilled lizards
  21 rats
80 creatures vanquished.

Vanquished Creatures (others)
  A plant (D:2)
1 creature vanquished.

Grand Total: 81 creatures vanquished

Notes
Turn   | Place    | Note
-------+----------+-------------------------------------------
     0 | D:1      | frimble the Demonspawn Hedge Wizard began the quest for the
                  | Orb.
     0 | D:1      | Reached XP level 1. HP: 13/13 MP: 4/4
   293 | D:1      | Reached skill level 1 in Short Blades
   293 | D:1      | Gained mutation: You are partially covered in icy blue
                  | scales. (AC +2) [demonic ancestry]
   293 | D:1      | Reached XP level 2. HP: 14/19 MP: 0/6
  1212 | D:2      | Gained mutation: You are partially covered in sharp spines.
                  | [demonic ancestry]
  1212 | D:2      | Reached XP level 3. HP: 24/24 MP: 7/7
  1757 | D:2      | Reached XP level 4. HP: 30/30 MP: 8/8
  2556 | D:3      | Learned a level 2 spell: Blink
  2558 | D:3      | Found a faded altar of an unknown god.
  2642 | D:3      | Reached skill level 1 in Fighting
  2642 | D:3      | Reached skill level 1 in Translocations
  2731 | D:3      | Found a broken altar of Ashenzari.
  2736 | D:3      | Found a stormy altar of Qazlal.
  3097 | D:3      | You fall into a shaft and drop 3 floors!
  3186 | D:6      | Noticed a gnoll sergeant
  3189 | D:6      | Gained mutation: You have a pair of small horns on your
                  | head. [demonic ancestry]
  3189 | D:6      | Reached XP level 5. HP: 30/37 MP: 9/9
  3191 | D:6      | Noticed a water moccasin
  3213 | D:6      | HP: 2/55 [water moccasin (1)]
  3214 | D:6      | Succumbed to a gnoll sergeant's poison

Illustrated notes

Levels and vault maps discovered:
D:1:      dpeg_arrival_tiny_k, layout_rooms, serial_glass, glass_columns_c,
          glass_columns_a, st_stairs_5, dreamdust_princess_corridor,
          chequers_avenue
D:2:      layout_loops_corners, serial_forest, infiniplex_forest_corner_1,
          infiniplex_forest_clump_C, infiniplex_forest_straight_4,
          infiniplex_forest_straight_5, infiniplex_forest_corner_1,
          infiniplex_forest_lined_3, infiniplex_forest_lined_2,
          infiniplex_forest_clump_small, basic_altar, minmay_rat_hole
D:3:      cheibrodos_greedy_goblins, layout_basic,
          mainiacjoe_overflow_surrounded_room, mainiacjoe_overflow_divided_tiny,
          hellmonk_ecumenical_altar_crossroads, chequers_serial_rivers_micro_c
D:6:      layout_basic, portal_sewer_entry_b

Skill      XL: |  1  2  3  4 |
---------------+-------------+-----
Short Blades   | 1 2 |  2.7
Conjurations   | 2 |  2.6
Fighting       | 1 |  1.5
Translocations | 1 |  1.4
Dodging        | |  1.7
Stealth        | |  1.7
Shields        | |  0.8
Spellcasting   | |  3.0
Summonings     | |  1.0

Action                   |  1- 3 |  4- 6 || total
-------------------------+-------+-------++-------
Melee: Dagger            |   115 |    89 ||   204
       Punch             |     1 |       ||     1
 Cast: Magic Dart        |    16 |     1 ||    17
  Use: Scroll            |     6 |     4 ||    10
       Potion            |     1 |     5 ||     6
 Stab: Sleeping          |     3 |     4 ||     7
Armor: Robe              |    22 |    16 ||    38
       Skin              |    17 |    21 ||    38
Dodge: Dodged            |    53 |    28 ||    81

Table legend: (Time is in decaauts)
 A = Elapsed time spent in this place.
 B = Non-inter-level travel time spent in this place.
 C = Inter-level travel time spent in this place.
 D = Time resting spent in this place.
 E = Time spent auto-exploring this place.
 F = Levels seen in this place.
 G = Mean time per level.
                   A        B        C        D        E       F      G
               +--------+--------+--------+--------+--------+-----+--------+
         Total |   3192 |   3165 |     27 |      0 |   2688 |   4 |  798.0 |
       Dungeon |   3192 |   3165 |     27 |      0 |   2688 |   4 |  798.0 |
               +--------+--------+--------+--------+--------+-----+--------+

Top non-repeatable levels by time:
     D:2: 1351 daAuts
     D:1: 1188 daAuts
     D:3: 540 daAuts
     D:6: 111 daAuts
